PL
HOUSTON 1837 BBC @ ATHLETIC CLUB KC
10/03/2023
 
TOP OF THE 1ST
Houston 1837 BBC batting - Pitching for Athletic Club KC : LHP Bill Oulton
Pitching: LHP Bill Oulton
Batting: RHB Tracy Parker 0-0: Ball
1-0: Swinging Strike
1-1: Ball
2-1: Ball
3-1: Ground out 4-3 (Groundball, 4MS)
Batting: LHB Jack Robbins 0-0: Ball
1-0: Called Strike
1-1: Called Strike
1-2: Ground out 5-3 (Groundball, 56)
Batting: LHB José Marín 0-0: Called Strike
0-1: Fly out, F4 (Line Drive, 4M)
Top of the 1st over - 0 run(s), 0 hit(s), 0 error(s), 0 left on base; Houston 0 - Athletic Club KC 0
BOTTOM OF THE 1ST
Athletic Club KC batting - Pitching for Houston 1837 BBC : RHP Dave Goode
Pitching: RHP Dave Goode
Batting: RHB Jorge Trevino 0-0: Called Strike
0-1: Swinging Strike
0-2: Strikes out looking
Batting: SHB David Henderson 0-0: Called Strike
0-1: Swinging Strike
0-2: Foul Ball, location: 2F
0-2: Ball
1-2: Ground out 4-3 (Groundball, 4)
Batting: RHB Ramón Souza 0-0: Swinging Strike
0-1: Ball
1-1: Ball
2-1: Ball
3-1: Ground out 6-3 (Groundball, 6M)
Bottom of the 1st over - 0 run(s), 0 hit(s), 0 error(s), 0 left on base; Houston 0 - Athletic Club KC 0
TOP OF THE 2ND
Houston 1837 BBC batting - Pitching for Athletic Club KC : LHP Bill Oulton
Batting: RHB Bob Campbell 0-0: Called Strike
0-1: Foul Ball, location: 2F
0-2: Ball
1-2: Ball
2-2: Strikes out swinging
Batting: LHB Mark McClear 0-0: Called Strike
0-1: Ball
1-1: Foul Ball, location: 2F
1-2: Ball
2-2: Foul Ball, location: 2F
2-2: Strikes out swinging
Batting: SHB Jason Alexander 0-0: Called Strike
0-1: Called Strike
0-2: Strikes out swinging
Top of the 2nd over - 0 run(s), 0 hit(s), 0 error(s), 0 left on base; Houston 0 - Athletic Club KC 0
BOTTOM OF THE 2ND
Athletic Club KC batting - Pitching for Houston 1837 BBC : RHP Dave Goode
Batting: RHB John Downing 0-0: Ball
1-0: Ball
2-0: Ball
3-0: Foul Ball, location: 2F
3-1: Foul Ball, location: 2F
3-2: Foul Ball, location: 2F
3-2: Base on Balls
Batting: RHB Todd Blake 0-0: Ball
1-0: Foul Ball, location: 2F
1-1: Ball
2-1: Ball
3-1: Base on Balls
John Downing to second
Batting: RHB Yoshifumi Sato 0-0: Called Strike
0-1: Hit by Pitch
John Downing to third
Todd Blake to second
Batting: SHB Pedro Vázquez 0-0: Called Strike
0-1: Foul Ball, location: 2F
0-2: DOUBLE (Line Drive, 8RXD)
John Downing scores
Todd Blake scores
Yoshifumi Sato to third
Batting: RHB Ed Hopkins 0-0: Ball
1-0: Foul Ball, location: 2F
1-1: Fly out, F9 (Flyball, 9M)
Runner from 3rd tags up, SCORES, throw made
Batting: RHB Jason Dunn 0-0: Ground out 5-3 (Groundball, 5)
Batting: RHB Jorge Trevino 0-0: Ball
1-0: Ball
2-0: Ball
3-0: Called Strike
3-1: Swinging Strike
3-2: Foul Ball, location: 2F
3-2: Foul Ball, location: 2F
Error on foul ball, E2
3-2: Ground out 6-3 (Groundball, 6)
Bottom of the 2nd over - 3 run(s), 1 hit(s), 1 error(s), 1 left on base; Houston 0 - Athletic Club KC 3
TOP OF THE 3RD
Houston 1837 BBC batting - Pitching for Athletic Club KC : LHP Bill Oulton
Batting: LHB Alberto Torres 0-0: Foul Ball, location: 2F
0-1: Ball
1-1: SINGLE (Groundball, 4MD)
Batting: LHB Brad Lawrence 0-0: Swinging Strike
0-1: Ball
1-1: Foul Ball, location: 2F
1-2: Foul Ball, location: 2F
1-2: Strikes out swinging
Batting: LHB Eugene Lawrence 0-0: Foul Ball, location: 2F
0-1: Foul Ball, location: 2F
0-2: Ball
1-2: Foul Ball, location: 2F
1-2: Strikes out swinging
Batting: RHB Tracy Parker 0-0: Ball
1-0: Swinging Strike
1-1: Foul Ball, location: 2F
1-2: Ball
2-2: Foul Ball, location: 2F
2-2: Ball
3-2: Ground out 6-3 (Groundball, 6)
Top of the 3rd over - 0 run(s), 1 hit(s), 0 error(s), 1 left on base; Houston 0 - Athletic Club KC 3
BOTTOM OF THE 3RD
Athletic Club KC batting - Pitching for Houston 1837 BBC : RHP Dave Goode
Batting: SHB David Henderson 0-0: Ball
1-0: Swinging Strike
1-1: Ball
2-1: Foul Ball, location: 2F
2-2: Ball
3-2: Foul Ball, location: 2F
3-2: Base on Balls
Batting: RHB Ramón Souza 0-0: Ball
1-0: Foul Ball, location: 2F
1-1: Ball
2-1: Ball
3-1: Base on Balls
David Henderson to second
Batting: RHB John Downing 0-0: Ball
1-0: Ground out 5-3 (Groundball, 5S)
David Henderson to third
Ramón Souza to second
Batting: RHB Todd Blake 0-0: Swinging Strike
0-1: SINGLE (Line Drive, 6D)
David Henderson scores
Ramón Souza to third
Runner from 3rd tries for Home, SAFE, throw made home
Todd Blake to second
Batting: RHB Yoshifumi Sato 0-0: Ball
1-0: Called Strike
1-1: Foul Ball, location: 2F
1-2: Fly out, F8 (Flyball, 8RD)
Runner from 2nd tags up, SAFE at 3rd, no throw
Batting: SHB Pedro Vázquez 0-0: Ball
1-0: Foul Ball, location: 2F
1-1: Called Strike
1-2: Strikes out swinging
Bottom of the 3rd over - 2 run(s), 1 hit(s), 0 error(s), 1 left on base; Houston 0 - Athletic Club KC 5
TOP OF THE 4TH
Houston 1837 BBC batting - Pitching for Athletic Club KC : LHP Bill Oulton
Batting: LHB Jack Robbins 0-0: Ground out 4-3 (Groundball, 4)
Batting: LHB José Marín 0-0: Ball
1-0: Swinging Strike
1-1: Foul Ball, location: 2F
1-2: Strikes out swinging
Batting: RHB Bob Campbell 0-0: Ball
1-0: DOUBLE (Groundball, 5D)
Batting: LHB Mark McClear 0-0: Ground out 6-3 (Groundball, 6M)
Top of the 4th over - 0 run(s), 1 hit(s), 0 error(s), 1 left on base; Houston 0 - Athletic Club KC 5
BOTTOM OF THE 4TH
Athletic Club KC batting - Pitching for Houston 1837 BBC : RHP Dave Goode
Batting: RHB Ed Hopkins 0-0: Swinging Strike
0-1: Called Strike
0-2: Ball
1-2: Strikes out swinging
Batting: RHB Jason Dunn 0-0: Called Strike
0-1: Ball
1-1: Ball
2-1: Foul Ball, location: 2F
2-2: SINGLE (Line Drive, 4)
Batting: RHB Jorge Trevino 0-0: Ball
1-0: Ball
2-0: Called Strike
2-1: Foul Ball, location: 2F
2-2: Foul Ball, location: 2F
2-2: Grounds into double play, 6-4-3 (Groundball, 6)
Bottom of the 4th over - 0 run(s), 1 hit(s), 0 error(s), 0 left on base; Houston 0 - Athletic Club KC 5
TOP OF THE 5TH
Houston 1837 BBC batting - Pitching for Athletic Club KC : LHP Bill Oulton
Batting: SHB Jason Alexander 0-0: Foul Ball, location: 2F
0-1: Ball
1-1: Swinging Strike
1-2: Strikes out looking
Batting: LHB Alberto Torres 0-0: Ball
1-0: Ball
2-0: Called Strike
2-1: Ball
3-1: Base on Balls
Batting: LHB Brad Lawrence 0-0: Foul Ball, location: 2F
0-1: Foul Ball, location: 2F
0-2: Ball
1-2: Strikes out looking
Batting: LHB Eugene Lawrence 0-0: DOUBLE (Groundball, 3L)
Alberto Torres to third
Batting: RHB Tracy Parker 0-0: Ball
1-0: Ball
2-0: Ball
3-0: Called Strike
3-1: SINGLE (Line Drive, 9LS)
Alberto Torres scores
Eugene Lawrence to third
Runner from 3rd tries for Home, SAFE, no throw or cutoff
Batting: LHB Jack Robbins 0-0: Ball
1-0: Called Strike
Tracy Parker is caught stealing 2nd base
Top of the 5th over - 2 run(s), 2 hit(s), 0 error(s), 0 left on base; Houston 2 - Athletic Club KC 5
BOTTOM OF THE 5TH
Athletic Club KC batting - Pitching for Houston 1837 BBC : RHP Dave Goode
Batting: SHB David Henderson 0-0: Ball
1-0: Ball
2-0: Ground out U3 (Groundball, 3)
Batting: RHB Ramón Souza 0-0: Ball
1-0: Swinging Strike
1-1: Ball
2-1: Foul Ball, location: 2F
2-2: Foul Ball, location: 2F
2-2: Ground out 6-3 (Groundball, 6)
Batting: RHB John Downing 0-0: Ball
1-0: Foul Ball, location: 2F
1-1: Ball
2-1: Foul Ball, location: 2F
2-2: Ball
3-2: Foul Ball, location: 2F
3-2: Ground out 6-3 (Groundball, 6)
Bottom of the 5th over - 0 run(s), 0 hit(s), 0 error(s), 0 left on base; Houston 2 - Athletic Club KC 5
TOP OF THE 6TH
Houston 1837 BBC batting - Pitching for Athletic Club KC : LHP Bill Oulton
Batting: LHB Jack Robbins 0-0: Foul Ball, location: 2F
0-1: Swinging Strike
0-2: Ball
1-2: Ball
2-2: Ball
3-2: Foul Ball, location: 2F
3-2: Ground out 6-3 (Groundball, 6MS)
Batting: LHB José Marín 0-0: Foul Ball, location: 2F
0-1: Ball
1-1: Ground out 4-3 (Groundball, 4M)
Batting: RHB Bob Campbell 0-0: Ball
1-0: Ground out 4-3 (Groundball, 4S)
Top of the 6th over - 0 run(s), 0 hit(s), 0 error(s), 0 left on base; Houston 2 - Athletic Club KC 5
BOTTOM OF THE 6TH
Athletic Club KC batting - Pitching for Houston 1837 BBC : RHP Dave Goode
Batting: RHB Todd Blake 0-0: Ball
1-0: Swinging Strike
1-1: SINGLE (Groundball, 6MD)
Batting: RHB Yoshifumi Sato 0-0: Called Strike
0-1: Ball
1-1: Bunted foul
1-2: Foul Ball, location: 2F
1-2: Grounds into double play, U6-3 (Groundball, 6)
Batting: SHB Pedro Vázquez 0-0: Called Strike
0-1: Foul Ball, location: 2F
0-2: Ball
1-2: Ball
2-2: Ground out 4-3 (Groundball, 4M)
Bottom of the 6th over - 0 run(s), 1 hit(s), 0 error(s), 0 left on base; Houston 2 - Athletic Club KC 5
TOP OF THE 7TH
Houston 1837 BBC batting - Pitching for Athletic Club KC : LHP Bill Oulton
Batting: LHB Mark McClear 0-0: Called Strike
0-1: Ball
1-1: Called Strike
1-2: Ground out 4-3 (Groundball, 4S)
Batting: SHB Jason Alexander 0-0: Called Strike
0-1: Called Strike
0-2: Ground out 6-3 (Groundball, 6)
Batting: LHB Alberto Torres 0-0: Called Strike
0-1: Foul Ball, location: 2F
0-2: Strikes out swinging
Top of the 7th over - 0 run(s), 0 hit(s), 0 error(s), 0 left on base; Houston 2 - Athletic Club KC 5
BOTTOM OF THE 7TH
Athletic Club KC batting - Pitching for Houston 1837 BBC : RHP Dave Goode
Batting: RHB Ed Hopkins 0-0: Ball
1-0: Ball
2-0: Ground out 4-3 (Groundball, 4)
Batting: RHB Jason Dunn 0-0: Foul Ball, location: 2F
0-1: Swinging Strike
0-2: SINGLE (Line Drive, 4D)
Pitching: RHP Francisco Valdés
Batting: RHB Jorge Trevino 0-0: Called Strike
0-1: Ball
1-1: Ball
2-1: Ball
3-1: Grounds into double play, 6-4-3 (Groundball, 6M)
Bottom of the 7th over - 0 run(s), 1 hit(s), 0 error(s), 0 left on base; Houston 2 - Athletic Club KC 5
TOP OF THE 8TH
Houston 1837 BBC batting - Pitching for Athletic Club KC : LHP Bill Oulton
Batting: LHB Brad Lawrence 0-0: Ball
1-0: Called Strike
1-1: Ball
2-1: Called Strike
2-2: Ball
3-2: SINGLE (Line Drive, 89M)
Batting: LHB Eugene Lawrence 0-0: Fly out, F8 (Line Drive, 8LM)
Batting: RHB Tracy Parker 0-0: Ball
1-0: Foul Ball, location: 2F
1-1: DOUBLE (Line Drive, 89S)
Brad Lawrence to third
Batting: LHB Jack Robbins 0-0: Ball
1-0: Ball
2-0: Fly out, F2 (Popup, 2LF)
Batting: LHB José Marín 0-0: Called Strike
0-1: Foul Ball, location: 2F
0-2: Ball
1-2: Ball
2-2: Foul Ball, location: 2F
2-2: Ball
3-2: Base on Balls
Pitching: RHP Gene Kirkland
Batting: RHB Bob Campbell 0-0: Ball
1-0: Fly out, F7 (Flyball, 7M)
Top of the 8th over - 0 run(s), 2 hit(s), 0 error(s), 3 left on base; Houston 2 - Athletic Club KC 5
BOTTOM OF THE 8TH
Athletic Club KC batting - Pitching for Houston 1837 BBC : RHP Francisco Valdés
Batting: SHB David Henderson 0-0: Fly out, F8 (Flyball, 8RXD)
Batting: RHB Ramón Souza 0-0: Ball
1-0: Swinging Strike
1-1: Foul Ball, location: 2F
1-2: Ball
2-2: Strikes out swinging
Batting: RHB John Downing 0-0: Called Strike
0-1: Foul Ball, location: 2F
0-2: Foul Ball, location: 2F
0-2: Ball
1-2: Ball
2-2: Ball
3-2: Base on Balls
Batting: RHB Todd Blake 0-0: Ball
1-0: Ball
2-0: Ball
3-0: Base on Balls
John Downing to second
Batting: RHB Yoshifumi Sato 0-0: Ground out 1-3 (Groundball, 13)
Bottom of the 8th over - 0 run(s), 0 hit(s), 0 error(s), 2 left on base; Houston 2 - Athletic Club KC 5
TOP OF THE 9TH
Houston 1837 BBC batting - Pitching for Athletic Club KC : RHP Gene Kirkland
Batting: LHB Mark McClear 0-0: Ball
1-0: Ground out 6-3 (Groundball, 6M)
Batting: SHB Jason Alexander 0-0: Ball
1-0: Called Strike
1-1: Called Strike
1-2: Ball
2-2: Strikes out swinging
Batting: LHB Alberto Torres 0-0: Called Strike
0-1: Ball
1-1: Swinging Strike
1-2: Ground out 4-3 (Groundball, 4M)
Top of the 9th over - 0 run(s), 0 hit(s), 0 error(s), 0 left on base; Houston 2 - Athletic Club KC 5
This league is powered by Out of the Park Baseball, the baseball management simulation game for PC, Mac and Linux
Friday, July 8th, 2016 - OOTP Baseball 16.9 Build 39